 Dungeon Crawl Stone Soup version 0.22-a0-38-gc6ec8ce517 (webtiles) character file.

7 Manul the Ducker (level 1, -16/11 HPs)
             Began as a Spriggan Abyssal Knight on Jan 4, 2018.
             Was a Follower of Lugonu.
             Demolished by a bone dragon (27 damage)
             ... on level 1 of the Abyss.
             The game lasted 00:00:50 (373 turns).

Manul the Ducker (Spriggan Abyssal Knight)           Turns: 373, Time: 00:00:50

Health: -16/11     AC:  3    Str:  8    XL:     1   Next: 83%
Magic:  3/3        EV: 19    Int: 13    God:    Lugonu [*.....]
Gold:   0          SH:  0    Dex: 15    Spells: 0/0 levels left

rFire    . . .     SeeInvis +   a - +1 short sword
rCold    . . .     Gourm    .   (shield restricted)
rNeg     . . .     Faith    .   b - +1 robe
rPois    .         Spirit   .   (helmet restricted)
rElec    .         Reflect  .   (no cloak)
rCorr    .         Harm     .   (gloves unavailable)
MR       .....                  (boots unavailable)
Stlth    +.........             (no amulet)
HPRegen  0.03/turn              (no ring)
MPRegen  0.08/turn              (no ring)

@: very quick
A: very small, unfitting armour, see invisible, herbivore, speed 3, slow
metabolism 2
a: Depart the Abyss, Renounce Religion


You were on level 1 of the Abyss.
You worshipped Lugonu.
Lugonu was aware of your devotion.
You were not hungry.

You visited 0 branches of the dungeon, and saw 0 of its levels.
You visited the Abyss 1 time.

Inventory:

Hand Weapons
 a - a +1 short sword (weapon)
Armour
 b - a +1 robe (worn)
Comestibles
 c - a ration


   Skills:
 + Level 2.6 Fighting
 + Level 2.3 Short Blades
 + Level 3.7 Dodging
 + Level 1.8 Invocations


You couldn't memorise any spells.
You didn't know any spells.

Dungeon Overview and Level Annotations

Branches:
Dungeon (0/15)

Altars:


Innate Abilities, Weirdness & Mutations

You are very small and have problems with some larger weapons.
You are too small for most types of armour.
You have supernaturally acute eyesight. (SInv)
You are a herbivore.
You cover ground extremely quickly.
You need consume almost no food.


Message History

The white imp completely misses you.
You hit the white imp.
The white imp is moderately wounded.
The white imp closely misses you.
You hit the white imp.
The white imp is heavily wounded.
The white imp hits you but does no damage.
You hit the white imp but do no damage.
The white imp is heavily wounded.
The white imp barely misses you.
You barely miss the white imp.
The white imp is heavily wounded.
The white imp barely misses you.
You hit the white imp.
You kill the white imp!
HP restored.
A bone dragon comes into view.
The bone dragon bites you!!
Ouch! That really hurt!
You die...

#....#.##.#
#. #.####..#
# .##..#..#.
#.D.D..##.##
# . #
#.#.#.#... #
# . ## #
.#.# # # #
#.###.# # .#
. #.. #
##..D###..
## ## . # .
#.#.@.##.# .
#
..#.#####..#
.. .# . ## .
# .# ##.. .#
#..# ##
.#..# #.#
#.. # #.#
##. .#. . #
..## . # #
.# #.... .#
. . ..# # .#
...# ..# #
##. ####


You could see a bone dragon.

Vanquished Creatures
  A white imp (Abyss:1)
1 creature vanquished.

Notes
Turn   | Place    | Note
-------+----------+-------------------------------------------
     0 | Abyss:1  | Manul the Spriggan Abyssal Knight began the quest for the Orb.
     0 | Abyss:1  | Reached XP level 1. HP: 11/11 MP: 3/3
   109 | Abyss:1  | Found a corrupted altar of Lugonu.
   176 | Abyss:1  | Noticed a raiju
   184 | Abyss:1  | Noticed an orc sorcerer
   202 | Abyss:1  | Noticed a freezing wraith
   223 | Abyss:1  | Noticed a quasit
   228 | Abyss:1  | Noticed a large abomination
   239 | Abyss:1  | Noticed an orange demon
   241 | Abyss:1  | Noticed a starcursed mass
   361 | Abyss:1  | Noticed a bone dragon
   373 | Abyss:1  | Demolished by a bone dragon

Vault maps used:

Action                   || total
-------------------------++-------
Melee: Short sword       ||     7
  Use: Scroll            ||     2
       Potion            ||     1
Armor: Robe              ||     1
Dodge: Dodged            ||     7

Table legend:
 A = Spawn XP
 B = Non-spawn XP
 C = Spawn XP percentage of total XP
 D = Spawn monster count
 E = Non-spawn monster count
 F = Spawn count percentage of total count
 G = Total turns spent on level
                    A         B        C        D         E        F      G
               +---------+---------+-------+---------+---------+-------+---------
         Total |       0 |      10 |   0.0 |       0 |       1 |   0.0 |   373
               +---------+---------+-------+---------+---------+-------+---------
       Abyss:1 |       0 |      10 |   0.0 |       0 |       1 |   0.0 |   373
               +---------+---------+-------+---------+---------+-------+---------
